 Dungeon Sprint DCSS version 0.31-a0-700-gf13585253f (webtiles) character file.

Game seed: 5986013915213551440

2236 jt the Grappler (level 9, 0/54 HPs)
             Began as a Vine Stalker Shapeshifter on Sept 7, 2023.
             Was an Initiate of Gozag.
             Slain by a centaur warrior (1 damage)
             ... in the Dungeon (Sprint I: "Red Sonja").
             The game lasted 00:03:25 (398 turns).

jt the Grappler (Vine Stalker Shapeshifter)          Turns: 398, Time: 00:03:25

Health: 0/54       AC:  9    Str: 21    XL:     9   Next: 36%
Magic:  0/10       EV: 12    Int: 10    God:    Gozag
Gold:   713        SH:  0    Dex: 20    Spells: 8/8 levels left

rFire   . .          .
                       - Unarmed
rCold   . . .        (no shield)
rNeg    . . .        u - +4 ring mail {rPois}
rPois   +            (helmet currently unavailable)
rElec   .            (cloak currently unavailable)
rCorr   .            (gloves currently unavailable)
SInv    .            (boots currently unavailable)
Will    +....        (no amulet)
Stlth   +            n - +6 ring of dexterity
HPRegen 1.09/turn    (no ring)
MPRegen 0.12/turn

%: no teleportation, guardian spirit
@: beast-form
A: beast (slay +4), fangs 3, regeneration 1, magic shield, antimagic bite, no
potion heal 2
a: Begin Untransformation, Renounce Religion, Potion Petition, Call Merchant,
Bribe Branch


You were in the Dungeon.
You worshipped Gozag.
Gozag was pleased with you.
You were a hulking beast.
You visited 1 branch You collected 1284 gold pieces.
You spent 571 gold pieces at shops.

Inventory:

Hand Weapons
 h - a +1 war axe of holy wrath
 k - a +0 scythe
 o - a +1 short sword of venom
Missiles
 p - 3 curare-tipped darts
 t - 8 stones
Armour
 a - a +0 animal skin
 j - a +0 ring mail
 l - a +0 pair of gloves
 u - a +4 ring mail of poison resistance (worn)
Jewellery
 n - a +6 ring of dexterity (left hand)
 r - a ring of ice
Talismans
 c - a beast talisman (active)
 d - a flux talisman
Wands
 s - a wand of paralysis (14)
Scrolls
 i - a scroll of blinking
 q - 2 scrolls of identify {unknown}
Potions
 b - a potion of lignification
 e - 3 potions of curing
 f - a potion of haste
 g - 2 potions of magic
 m - a potion of degeneration {unknown}


   Skills:
 + Level 10.2 Fighting
 + Level 5.1 Throwing
 - Level 2.0 Armour
 - Level 2.0 Dodging
 + Level 11.4 Unarmed Combat
 - Level 5.0 Evocations
 + Level 10.6 Shapeshifting


You had 8 spell levels left.
You didn't know any spells.
Your spell library contained the following spells:

 Spells                   Type           Power      Damage    Failure   Level
 Sandblast                Erth           0%         2d4       52%         1
 Passwall                 Tmut/Erth      0%         N/A       67%         2
 Stone Arrow              Conj/Erth      0%         3d7       88%         3


Dungeon Overview and Level Annotations

Branches:
Dungeon (1/1)

Altars:
Cheibriados
Dithmenos
Elyvilon
Fedhas
Gozag
Hepliaklqana
Kikubaaqudgha
Makhleb
Nemelex Xobeh
Okawaru
Qazlal
Ru
Sif Muna
Trog
Uskayaw
Vehumet
Wu Jian
Xom
Yredelemnul
Zin
The Shining One
Jiyva
Lugonu

Shops:
D **[


Innate Abilities, Weirdness & Mutations

You are a hulking beast.
Your limbs bulge with bestial killing power. (Slay +4)
You have razor-sharp teeth.
Your natural rate of healing is unusually fast.
When hurt, damage is shared between your health and your magic reserves.
Your bite disrupts and absorbs the magic of your enemies.
Potions cannot restore your health.


Message History

Aiming: Paralyse
Press: ? - help, Shift-Dir - straight line, f - centaur warrior
Aim: a centaur warrior (purple smoke, chance to affect: 44%)
Okay, then.
Unknown command.
You pummel the centaur warrior!!
The centaur warrior is moderately wounded.
The centaur warrior hits you! The centaur warrior closely misses you.
The centaur warrior completely misses you.
The centaur warrior kicks you but does no damage.
You hit the centaur warrior. Your bite misses the centaur warrior.
The centaur warrior is moderately wounded.
The centaur warrior hits you.
* * * LOW HITPOINT WARNING * * *
The centaur warrior kicks you but does no damage.
The centaur warrior hits you.
* * * LOW HITPOINT WARNING * * *
The centaur warrior kicks you.
* * * LOW HITPOINT WARNING * * *
The centaur warrior closely misses you. The centaur warrior barely misses you.
You punch the centaur warrior! x2
The centaur warrior is almost dead.
The centaur warrior hits you but does no damage.
The centaur warrior closely misses you. The centaur warrior hits you.
* * * LOW HITPOINT WARNING * * *
The centaur warrior kicks you but does no damage.
Magic courses through your body. The centaur warrior hits you.
* * * LOW HITPOINT WARNING * * *
The centaur warrior kicks you but does no damage.
The centaur warrior hits you but does no damage.
The centaur warrior closely misses you. The centaur warrior hits you!
* * * LOW HITPOINT WARNING * * *
The centaur warrior kicks you but does no damage.
You hit the centaur warrior.
The centaur warrior is almost dead.
The centaur warrior hits you.
* * * LOW HITPOINT WARNING * * *
The centaur warrior kicks you. The centaur warrior hits you.
You die...
Your body crumbles into a pile of gold.

#######################
#.)'..#.['..#__#..')..#
)..#..'..#..'..'..#...#
#####'#####'#__####...+
####..#...#.####§§#####
#__####..##.#~§§§c#
#_____##'#_.+§§§h§+
#_.∩...'..._#§~§§c#
#_..__##_.#'##'####
#_____###'#.#..§.###
#########.####'###[##
.......'...'.....')∩#
++++####...##########
###.### #.#'#.#


You could see 2 centaur warriors.

Vanquished Creatures
  Sonja (D)
  A deep troll (D)
  2 kobold demonologists (D)
  Sigmund (D)
  A slime creature (D)
  A yak (D)
  A floating eye (D)
  An ogre (D)
  A jelly (D)
  Ijyb (D)
11 creatures vanquished.

Vanquished Creatures (others)
  2 ballistomycete spores (D)
2 creatures vanquished.

Grand Total: 13 creatures vanquished

Notes
Turn   | Place    | Note
-------+----------+-------------------------------------------
     0 | D        | jt the Vine Stalker Shapeshifter began the quest for the
                  | Orb.
     0 | D        | Reached XP level 1. HP: 9/9 MP: 2/2
     2 | D        | Noticed Ijyb
     9 | D        | Killed Ijyb
    10 | D        | Reached skill level 4 in Unarmed Combat
    10 | D        | Reached XP level 2. HP: 3/16 MP: 1/3
    56 | D        | Noticed an ogre
    63 | D        | Killed an ogre
    64 | D        | Reached skill level 5 in Unarmed Combat
    64 | D        | Reached skill level 5 in Shapeshifting
    64 | D        | Reached XP level 3. HP: 21/21 MP: 4/4
    64 | D        | Reached XP level 4. HP: 25/25 MP: 5/5
    79 | D        | Noticed Sigmund
    86 | D        | Killed Sigmund
    87 | D        | Reached skill level 5 in Fighting
    87 | D        | Reached skill level 7 in Unarmed Combat
    87 | D        | Reached XP level 5. HP: 28/32 MP: 4/6
    87 | D        | Reached XP level 6. HP: 32/36 MP: 4/7
   116 | D        | Found a shimmering blue altar of Sif Muna.
   117 | D        | Found an ornate altar of the Wu Jian Council.
   118 | D        | Found a radiant altar of Vehumet.
   124 | D        | Reached skill level 5 in Evocations
   151 | D        | Found Jytexkibb's Assorted Antiques.
   151 | D        | Found an ancient bone altar of Kikubaaqudgha.
   151 | D        | Found a hazy altar of Hepliaklqana.
   151 | D        | Found a hide-covered altar of Uskayaw.
   151 | D        | Found a basalt altar of Yredelemnul.
   151 | D        | Found an opulent altar of Gozag.
   151 | D        | Found a snail-covered altar of Cheibriados.
   151 | D        | Found a sacrificial altar of Ru.
   151 | D        | Found a shadowy altar of Dithmenos.
   151 | D        | Noticed a yak
   157 | D        | Killed a yak
   158 | D        | Reached skill level 8 in Unarmed Combat
   158 | D        | Reached XP level 7. HP: 36/41 MP: 8/8
   158 | D        | Found a stormy altar of Qazlal.
   158 | D        | Found a blossoming altar of Fedhas.
   158 | D        | Found a bloodstained altar of Trog.
   158 | D        | Found an iron altar of Okawaru.
   158 | D        | Found a glowing golden altar of the Shining One.
   158 | D        | Found a glowing silver altar of Zin.
   158 | D        | Found a white marble altar of Elyvilon.
   159 | D        | Found a sparkling altar of Nemelex Xobeh.
   164 | D        | Became a worshipper of Gozag Ym Sagoz the Greedy
   167 | D        | Bought a gluggy blue potion for 23 gold pieces
   167 | D        | Bought a bronze ring for 130 gold pieces
   181 | D        | Noticed Sonja
   184 | D        | Killed Sonja
   185 | D        | Reached skill level 9 in Unarmed Combat
   185 | D        | Gained mutation: You have razor-sharp teeth. [Vine Stalker
                  | growth]
   185 | D        | Reached XP level 8. HP: 19/48 MP: 5/9
   220 | D        | Found Liditt's Assorted Antiques.
   228 | D        | Bought a scroll labelled VOISMYRH JESY for 23 gold pieces
   228 | D        | Bought a shiny ivory ring for 115 gold pieces
   277 | D        | Found a viscous altar of Jiyva.
   277 | D        | Found a corrupted altar of Lugonu.
   277 | D        | Noticed a slime creature
   278 | D        | Found a burning altar of Makhleb.
   278 | D        | Found a shimmering altar of Xom.
   281 | D        | Killed a slime creature
   282 | D        | Reached skill level 1 in Throwing
   282 | D        | Reached skill level 10 in Unarmed Combat
   296 | D        | Noticed a kobold demonologist
   297 | D        | Noticed a kobold demonologist
   300 | D        | Killed a kobold demonologist
   304 | D        | Killed a kobold demonologist
   305 | D        | Reached skill level 10 in Shapeshifting
   305 | D        | Reached XP level 9. HP: 52/54 MP: 10/10
   328 | D        | Noticed a deep troll
   335 | D        | Killed a deep troll
   336 | D        | Reached skill level 10 in Fighting
   336 | D        | Reached skill level 5 in Throwing
   336 | D        | Reached skill level 11 in Unarmed Combat
   348 | D        | Found Syryt's Armour Emporium.
   374 | D        | Bought a +4 ring mail of poison resistance for 280 gold
                  | pieces
   391 | D        | Noticed a centaur warrior
   391 | D        | Noticed a centaur warrior
   398 | D        | HP: 1/54 [centaur warrior (3)]
   398 | D        | Slain by a centaur warrior

Illustrated notes

Levels and vault maps discovered:
D:        dungeon_sprint_1 [red_sonja_temple_1, red_sonja_temple_small_1]

Skill      XL: |  1  2  3  4  5  6  7  8  9 |
---------------+----------------------------+-----
Fighting       | 2 4 5 6 8 9 10 | 10.2
Dodging        | 2 |  2.0
Unarmed Combat | 4 5 7 8 9 10 11 | 11.4
Shapeshifting  | 4 5 6 7 9 10 | 10.6
Evocations     | 2 4 5 |  5.0
Armour         | 2 |  2.0
Throwing       | 4 5 |  5.1

Action                     |  1- 3 |  4- 6 |  7- 9 || total
---------------------------+-------+-------+-------++-------
  Melee: Unarmed           |     6 |    15 |    16 ||    37
         Bite              |     3 |     5 |     7 ||    15
         Punch             |       |     1 |     3 ||     4
  Throw: Dart              |       |       |     1 ||     1
  Evoke: Wand              |     2 |     1 |     3 ||     6
    Use: Potion            |     1 |       |     1 ||     2
 Armour: Animal skin       |     1 |       |       ||     1
         Ring mail         |       |     6 |    32 ||    38
  Dodge: Dodged            |     1 |     6 |    13 ||    20

Table legend: (Time is in decaauts)
 A = Elapsed time spent in this place.
 B = Non-inter-level travel time spent in this place.
 C = Inter-level travel time spent in this place.
 D = Time resting spent in this place.
 E = Time spent auto-exploring this place.
 F = Levels seen in this place.
 G = Mean time per level.
                   A        B        C        D        E       F      G
               +--------+--------+--------+--------+--------+-----+--------+
         Total |    408 |    408 |      0 |     62 |      0 |   1 |  408.0 |
       Dungeon |    408 |    408 |      0 |     62 |      0 |   1 |  408.0 |
               +--------+--------+--------+--------+--------+-----+--------+

Top non-repeatable levels by time:
       D: 408 daAuts
